 Dungeon Crawl Stone Soup version 0.29-a0-972-g43c84944fd (webtiles) character file.

Game seed: 1593873049503097550

88 ILmort the Shield-Bearer (level 4, -6/44 HPs)
             Began as a Troll Fighter on July 31, 2022.
             Killed by divine providence
             ... invoked by an orc priest
              (12 damage)
             ... on level 3 of the Dungeon.
             The game lasted 00:18:18 (2231 turns).

ILmort the Shield-Bearer (Troll Fighter)            Turns: 2231, Time: 00:18:19

Health: -6/44      AC:  4    Str: 26    XL:     4   Next: 29%
Magic:  3/3        EV:  8    Int:  4    God:
Gold:   80         SH:  7    Dex:  9    Spells: 3/3 levels left

rFire   . . .      SeeInvis .     - Unarmed
rCold   . . .      Faith    .   b - +0 kite shield
rNeg    . . .      Spirit   .   a - +0 robe
rPois   .          Reflect  .   (helmet restricted)
rElec   .          Harm     .   (no cloak)
rCorr   .          Rampage  .   (gloves unavailable)
Will    .....                   (boots unavailable)
Stlth   +.........              (no amulet)
HPRegen 0.94/turn               (no ring)
MPRegen 0.08/turn               (no ring)

@: no status effects
A: large, unfitting armour, claws 3, regeneration 1, shaggy fur 1, tough skin 1
a: no special abilities


You were on level 3 of the Dungeon.
You visited 1 branch of the dungeon, and saw 3 of its levels.

You collected 80 gold pieces.

Inventory:

Hand Weapons
 f - a +0 spear
 h - a +0 dagger
 i - a +0 club
 j - a +0 spear
 k - a +2 dagger of speed
 l - a +0 spear
 m - a +0 dagger
 n - a +0 dagger
 o - a +0 short sword
 p - a +0 rapier
 q - a +0 dagger
 r - a +0 whip
 s - a +0 flail
 t - a +0 dagger
 u - a +0 hand axe
 x - a +0 long sword
 B - a +0 dagger
 D - a +0 mace
Missiles
 g - 23 stones (quivered)
Armour
 a - a +0 robe (worn)
 b - a +0 kite shield (worn)
 C - a +0 chain mail
 E - a +0 chain mail
Wands
 A - a wand of charming (3)
Scrolls
 d - 3 scrolls of identify {unknown}
 e - 2 scrolls of teleportation {unknown}
 y - a scroll of poison {unknown}
Potions
 c - 2 potions of might
 v - a potion of attraction {unknown}
 w - a potion of flight {unknown}
 z - a potion of mutation {unknown}


   Skills:
 + Level 2.9 Fighting
 + Level 3.0 Dodging
 + Level 0.1 Stealth
 + Level 3.2 Shields
 + Level 2.9 Unarmed Combat


You had 3 spell levels left.
You didn't know any spells.
Your spell library was empty.

Dungeon Overview and Level Annotations

Branches:
Dungeon (3/15)

Altars:


Innate Abilities, Weirdness & Mutations

You are too large for most types of armour.
You have claws for hands.
Your natural rate of healing is unusually fast.
You are covered in fur. (AC +1)
You have tough skin. (AC +1)


Message History

The orc closely misses you.
The orc priest attacks as you move away!
The orc priest hits you with a +1 falchion of protection.
The orc priest calls upon Beogh to heal the orc.
The orc's wounds heal themselves!
The orc misses you.
You barely miss the orc. The orc hits you with a +0 flail!
The orc hits you with a +0 falchion.
You scratch the orc.
The orc is lightly wounded.
The orc barely misses you. x2
You claw the orc!
You kill the orc!
The orc hits you with a +0 falchion. You block the orc's attack.
You completely miss the orc. The orc hits you with a +0 falchion.
* * * LOW HITPOINT WARNING * * *
The orc attacks as you move away! The orc hits you with a +0 falchion.
* * * LOW HITPOINT WARNING * * *
You see here a +0 flail.
The orc attacks as you move away! The orc hits you with a +0 falchion.
* * * LOW HITPOINT WARNING * * *
The orc hits you with a +0 falchion.
* * * LOW HITPOINT WARNING * * *
There is a stone staircase leading down here.
The orc hits you with a +0 falchion.
* * * LOW HITPOINT WARNING * * *
The orc priest begins to cast a cantrip, but forgets the words!
The orc hits you with a +0 falchion!
* * * LOW HITPOINT WARNING * * *
The orc attacks as you move away! The orc hits you with a +0 falchion.
* * * LOW HITPOINT WARNING * * *
The orc priest looks satisfied for a moment.
The orc priest calls down the wrath of Beogh upon you.
Beogh smites you!
* * * LOW HITPOINT WARNING * * *
You scratch the orc.
You kill the orc!
The orc priest calls down the wrath of Beogh upon you.
Beogh smites you!
You die...

#...............#
......###
######.##.......#
.#......#
#...#.......#
.#..#.#.#
#...#########
#(...#)# #...#
#.#.#..#o# ##.##
#....>...# #.####
#####.####
#<...####### #.#
####.....@.######.#
#######.).o....#
##########


You could see an orc priest.

Vanquished Creatures
  Ijyb (D:3)
  An adder (D:2)
  2 dart slugs
  2 orcs (D:3)
  8 bats
  7 endoplasms
  A giant cockroach (D:1)
  4 goblins
  4 hobgoblins
  A quokka (D:1)
  5 ball pythons (D:1)
  A frilled lizard (D:1)
  3 kobolds
  4 rats
44 creatures vanquished.

Vanquished Creatures (others)
  8 fungi (D:1)
  3 plants (D:1)
11 creatures vanquished.

Grand Total: 55 creatures vanquished

Notes
Turn   | Place    | Note
-------+----------+-------------------------------------------
     0 | D:1      | ILmort the Troll Fighter began the quest for the Orb.
     0 | D:1      | Reached XP level 1. HP: 22/22 MP: 0/0
   253 | D:1      | Reached XP level 2. HP: 29/29 MP: 1/1
   739 | D:1      | Reached XP level 3. HP: 36/36 MP: 2/2
  1069 | D:1      | Found a faded altar of an unknown god.
  1936 | D:2      | You fall into a shaft and drop 1 floor!
  2112 | D:3      | Noticed Ijyb
  2133 | D:3      | Killed Ijyb
  2134 | D:3      | Reached XP level 4. HP: 44/44 MP: 3/3
  2227 | D:3      | HP: 2/44 [orc priest/divine providence (9)]
  2231 | D:3      | Killed from afar by an orc priest

Illustrated notes

Levels and vault maps discovered:
D:1:      wander_arrival_peaceful_grave, layout_basic,
          shapermc_ecumenical_altar_hornbeckon, hangedman_decor_riveting,
          minmay_unequal
D:2:      layout_loops_ring, uniq_sigmund
D:3:      layout_loops_cross, uniq_ijyb

Skill      XL: |  1  2  3 |
---------------+----------+-----
Shields        | 3 |  3.2
Dodging        | 3 |  3.0
Fighting       | |  2.9
Stealth        | |  0.1
Unarmed Combat | |  2.9

Action                   |  1- 3 |  4- 6 || total
-------------------------+-------+-------++-------
Melee: Unarmed           |   167 |    14 ||   181
       Dagger            |    11 |       ||    11
 Stab: Sleeping          |     1 |       ||     1
Armor: Robe              |    48 |     2 ||    50
Dodge: Dodged            |    58 |     8 ||    66
Block: Kite shield       |    54 |     3 ||    57

Table legend: (Time is in decaauts)
 A = Elapsed time spent in this place.
 B = Non-inter-level travel time spent in this place.
 C = Inter-level travel time spent in this place.
 D = Time resting spent in this place.
 E = Time spent auto-exploring this place.
 F = Levels seen in this place.
 G = Mean time per level.
                   A        B        C        D        E       F      G
               +--------+--------+--------+--------+--------+-----+--------+
         Total |   2248 |   2248 |      0 |    600 |    559 |   3 |  749.3 |
       Dungeon |   2248 |   2248 |      0 |    600 |    559 |   3 |  749.3 |
               +--------+--------+--------+--------+--------+-----+--------+

Top non-repeatable levels by time:
     D:1: 1705 daAuts
     D:3: 298 daAuts
     D:2: 244 daAuts
